 Dungeon Crawl Stone Soup version 0.30-a0-953-g5f1da4a474 (webtiles) character file.

Game seed: 2628522192943321089

300 Newt the Shooter (level 6, -3/40 HPs)
             Began as a Kobold Hunter on Mar 28, 2023.
             Slain by a bullfrog (8 damage)
             ... in a sewer.
             The game lasted 00:03:16 (3107 turns).

Newt the Shooter (Kobold Hunter)                    Turns: 3107, Time: 00:03:16

Health: -3/40      AC:  3    Str:  9    XL:     6   Next: 64%
Magic:  6/6        EV: 14    Int: 10    God:
Gold:   265        SH:  0    Dex: 20    Spells: 5/5 levels left

rFire   . . .      SeeInvis .    a - +0 shortbow (heavy)
rCold   . . .      Faith    .    (shield currently unavailable)
rNeg    . . .      Spirit   .    c - +0 leather armour
rPois   .          Reflect  .    (no helmet)
rElec   .          Rampage  .    q - scarf {+Inv}
rCorr   .                        (no gloves)
Will    +....                    (no boots)
Stlth   ++                       d - amulet of regeneration
HPRegen 1.06/turn                k - ring of willpower
MPRegen 0.10/turn                v - ring of wizardry

@: very slow
A: small, no large weapons, nightstalker 3
a: Evoke Invisibility


You were in a sewer.
You visited 1 branch of the dungeon, and saw 4 of its levels.
You also visited: Sewer.

You collected 265 gold pieces.

Inventory:

Hand Weapons
 a - a +0 heavy shortbow (weapon)
Missiles
 i - 2 throwing nets
Armour
 c - a +0 leather armour (worn)
 q - a scarf of invisibility (worn)
Magical Staves
 p - the staff of fire "Vesusm" {rF+ Int+4}
   (You acquired it on level 3 of the Dungeon)

   [staff of fire]

   Base accuracy: +5 Base damage: 5 Base attack delay: 1.2 This weapon's minimum
   attack delay (0.6) is reached at skill level 12.
   Int:       It affects your intelligence (+4).
   rF:        It protects you from fire.
   It falls into the 'Staves' category.
   It is a two-handed weapon.
Jewellery
 d - an amulet of regeneration (around neck)
 k - a ring of willpower (left hand)
 r - an amulet of faith
 s - a ring of resist corrosion
 v - a ring of wizardry (right hand)
Scrolls
 b - 2 scrolls of immolation
 n - a scroll of teleportation
 u - a scroll of amnesia
 w - a scroll of poison {unknown}
Potions
 e - a potion of mutation
 f - a potion of flight
 g - 5 potions of curing
 h - a potion of degeneration
 j - a potion of ambrosia
 l - a potion of attraction
 m - a potion of lignification {unknown}
 o - a potion of berserk rage {unknown}
 t - a potion of haste {unknown}
 x - a potion of brilliance {unknown}


   Skills:
 - Level 5.0 Fighting
 + Level 3.7 Staves
 - Level 5.7 Ranged Weapons
 - Level 2.4 Dodging
 - Level 1.3 Stealth


You had 5 spell levels left.
You didn't know any spells.
Your spell library was empty.

Dungeon Overview and Level Annotations

Branches:
Dungeon (4/15)              Sewer (1/1)
 Temple: D:4-7

Altars:


Innate Abilities, Weirdness & Mutations

You are small and have problems with some larger weapons.
You are completely attuned to the shadows.


Message History

Moving in this stuff is going to be slow.
Key pressed, stopping explore.
No target in view!
You enter the shallow water.
Moving in this stuff is going to be slow.
An adder comes into view.
An adder is nearby!
You shoot an arrow. The arrow hits the adder!
The adder is almost dead.
You hear a croak.
You hear a loud, deep croak!
A bullfrog comes into view. x2
You shoot an arrow. The arrow closely misses the adder.
The bullfrog gives a loud, deep croak!
The arrow hits the bullfrog!
The bullfrog is heavily wounded.
The adder bites you. x2
You shoot an arrow. The arrow misses the adder.
The arrow hits the bullfrog!
The bullfrog is severely wounded.
The bullfrog barely misses you. The adder barely misses you.
The bullfrog closely misses you. The bullfrog hits you! The adder bites you.
The bullfrog closely misses you. The bullfrog hits you.
The adder barely misses you.
There are monsters nearby!
You shoot an arrow.
The arrow hits the adder but does no damage.
The adder is almost dead.
The bullfrog misses you. The bullfrog hits you. The adder bites you.
The bullfrog misses you. The bullfrog completely misses you.
The adder bites you but does no damage. The bullfrog hits you!
The bullfrog hits you.
You shoot an arrow.
The arrow hits the adder but does no damage.
The adder is almost dead.
The bullfrog hits you. The adder bites you.
* * * LOW HITPOINT WARNING * * *
The bullfrog closely misses you. The bullfrog misses you.
The adder bites you but does no damage. The bullfrog hits you.
* * * LOW HITPOINT WARNING * * *
The bullfrog hits you!
You die...

#≈~~~~≈#
#~~≈≈≈≈#
#≈#~~≈≈#
#≈~~.~##
#~~≈≈≈≈#
#≈.[...#
#≈.≈≈≈≈#
##~~~~##
#~.≈≈≈≈#
#≈≈≈≈~~#
#≈~#≈≈≈#
#≈≈≈≈~~#
#~≈~~≈≈#
#≈~~~~~#
#≈~~~~≈#
#~~~≈~≈#
#≈~≈~@F#
#≈~~≈≈≈#
#≈≈~FS~#
#≈~~≈≈≈#
#≈~~#~≈#
#≈~~~~~##
#..~.~.#
#.~~~..##
.. ...#
#......##
##......#
#.......
##......
##.....


You could see 2 bullfrogs and an adder.

Vanquished Creatures
  An orc priest (D:3)
  Natasha (D:4)
  9 adders
  5 river rats
  4 worms
  3 dart slugs
  3 orcs
  7 bats
  9 endoplasms
  3 giant cockroaches
  9 hobgoblins
  5 kobolds
  3 quokkas
  13 ball pythons
  6 frilled lizards
  6 goblins
  22 rats
109 creatures vanquished.

Notes
Turn   | Place    | Note
-------+----------+-------------------------------------------
     0 | D:1      | Newt the Kobold Hunter began the quest for the Orb.
     0 | D:1      | Reached XP level 1. HP: 12/12 MP: 1/1
    90 | D:1      | Reached XP level 2. HP: 18/18 MP: 2/2
   591 | D:1      | Reached XP level 3. HP: 23/23 MP: 3/3
  1293 | D:2      | Identified the +7 short sword of Terousm {drain, rElec rF-
                  | rCorr Str+6}
  1319 | D:2      | Reached XP level 4. HP: 30/30 MP: 4/4
  1723 | D:2      | Reached skill level 5 in Fighting
  1751 | D:2      | Reached XP level 5. HP: 28/35 MP: 5/5
  1962 | D:3      | Identified a scroll of acquirement
  1962 | D:3      | Acquired the staff of fire "Vesusm" {rF+ Int+4}
  2195 | D:3      | Reached skill level 1 in Staves
  2838 | D:4      | Noticed Natasha
  2842 | D:4      | Killed Natasha
  2843 | D:4      | Reached XP level 6. HP: 40/40 MP: 6/6
  2869 | D:4      | Found a glowing drain.
  2873 | Sewer    | Entered a sewer
  3107 | Sewer    | Slain by a bullfrog

Illustrated notes

Levels and vault maps discovered:
D:1:      dpeg_arrival_lava_temple_mockup, layout_basic,
          minmay_misc_feat_diagonals, dreamdust_princess_corridor
D:2:      layout_basic, amcnicky_mini_corridor_feature, columned_hall_lemuel,
          minmay_misc_feat_room, minivault_23, minmay_joined_circles
D:3:      layout_loops_ring
D:4:      layout_loops_ring, minmay_temple_entry_statues_pillars,
          gup_sewer_entry_bowl, kennysheep_diamond, serial_bayou_pond_e,
          uniq_natasha
Sewer:    sewer_minmay_w

Skill      XL: |  1  2  3  4  5  6 |
---------------+-------------------+-----
Fighting       | 3 4 5 |  5.0
Staves         | 2 3 |  3.7
Ranged Weapons | |  5.7
Dodging        | |  2.4
Stealth        | |  1.3

Action                     |  1- 3 |  4- 6 || total
---------------------------+-------+-------++-------
  Melee: Staff             |       |    19 ||    19
   Fire: Shortbow          |    62 |   191 ||   253
    Use: Scroll            |     2 |    10 ||    12
   Stab: Sleeping          |       |     1 ||     1
 Armour: Leather armour    |     6 |    24 ||    30
  Dodge: Dodged            |     9 |   135 ||   144

Table legend: (Time is in decaauts)
 A = Elapsed time spent in this place.
 B = Non-inter-level travel time spent in this place.
 C = Inter-level travel time spent in this place.
 D = Time resting spent in this place.
 E = Time spent auto-exploring this place.
 F = Levels seen in this place.
 G = Mean time per level.
                   A        B        C        D        E       F      G
               +--------+--------+--------+--------+--------+-----+--------+
         Total |   3224 |   3186 |     38 |    113 |   2530 |   5 |  644.8 |
       Dungeon |   2926 |   2888 |     38 |    113 |   2365 |   4 |  731.5 |
         Sewer |    297 |    297 |      0 |      0 |    165 |   1 |  297.0 |
               +--------+--------+--------+--------+--------+-----+--------+

Top non-repeatable levels by time:
     D:1: 1149 daAuts
     D:3: 825 daAuts
     D:2: 824 daAuts
   Sewer: 297 daAuts
     D:4: 127 daAuts
